 Dungeon Crawl Stone Soup version 0.30.1-9-gdf580d7c3d (webtiles) character file.

Game seed: 13815328601479322398

80 CrazyBamboolord the Trooper (level 4, -2/50 HPs)
             Began as an Ogre Fighter on Oct 17, 2023.
             Blown up by Ijyb (15 damage)
             ... with a mindburst bolt
             ... on level 3 of the Dungeon.
             The game lasted 00:02:23 (1808 turns).

CrazyBamboolord the Trooper (Ogre Fighter)          Turns: 1808, Time: 00:02:24

Health: -2/50      AC:  3    Str: 22    XL:     4   Next: 39%
Magic:  4/4        EV:  9    Int:  9    God:
Gold:   86         SH:  7    Dex:  8    Spells: 3/3 levels left

rFire   . . .        a - +0 trident
rCold   . . .        c - +0 kite shield
rNeg    . . .        b - +0 robe
rPois   .            (helmet restricted)
rElec   .            (no cloak)
rCorr   .            (gloves unavailable)
SInv    .            (boots unavailable)
Will    .....        n - amulet of the acrobat
Stlth   +            (no ring)
HPRegen 0.28/turn    (no ring)
MPRegen 0.09/turn

%: acrobat
@: about to teleport
A: large, unfitting armour, tough skin 1
a: no special abilities


You were on level 3 of the Dungeon.
You visited 1 branch of the dungeon, and saw 3 of its levels.

You collected 86 gold pieces.

Inventory:

Hand Weapons
 a - a +0 trident (weapon)
Armour
 b - a +0 robe (worn)
 c - a +0 kite shield (worn)
Jewellery
 n - an amulet of the acrobat (around neck)
Wands
 j - a wand of charming (9)
Scrolls
 e - a scroll of identify {unknown}
 h - a scroll of vulnerability {unknown}
 i - 2 scrolls of teleportation
 l - a scroll of poison {unknown}
Potions
 d - 2 potions of might
 f - 2 potions of curing {unknown}
 g - a potion of flight {unknown}
 k - a potion of magic {unknown}
 m - a potion of resistance {unknown}
 o - a potion of ambrosia {unknown}


   Skills:
 * Level 5.0 Fighting
 * Level 3.0 Polearms
 * Level 3.3 Dodging
 + Level 3.2 Shields


You had 3 spell levels left.
You didn't know any spells.
Your spell library contained the following spells:

 Spells                   Type           Power      Damage    Failure   Level
 Portal Projectile        Hex/Tloc       0%         N/A       95%         3
 Tukima's Dance           Hex            0%         N/A       95%         3
 Blade Hands              Tmut           0%         N/A       100%        5


Dungeon Overview and Level Annotations

Branches:
Dungeon (3/15)

Altars:

Annotations:
D:3 Ijyb


Innate Abilities, Weirdness & Mutations

You are too large for most types of armour.
You have tough skin. (AC +1)


Message History

You hit the orc.
The orc is heavily wounded.
The orc hits you but does no damage.
The orc priest casts a cantrip, but nothing happens.
You block the orc's attack.
The orc wizard hits you but does no damage.
There are monsters nearby!
Unknown command.
You closely miss the orc.
The orc is heavily wounded.
The orc wizard hits you with a +0 dagger.
You block the orc's attack.
You closely miss the orc.
The orc is moderately wounded.
The orc wizard points at you and mumbles some strange words.
The magic dart hits you. The orc barely misses you.
Unknown command.
You puncture the orc!
You kill the orc!
Your Polearms skill increases to level 3!
As you read the scroll labelled NUERRY HEDD, it crumbles to dust.
You feel strangely unstable.
It was a scroll of teleportation.
Ijyb hits you with a +6 club.
The orc wizard hits you but does no damage.
You puncture the orc wizard!
The orc wizard is heavily wounded.
The orc wizard hits you but does no damage.
Ijyb hits you with a +6 club!
* * * LOW HITPOINT WARNING * * *
The orc wizard hits you with a +0 dagger.
* * * LOW HITPOINT WARNING * * *
Ijyb barely misses you.
You puncture the orc wizard!
The orc wizard is almost dead.
You block the orc wizard's attack. You block Ijyb's attack.
Unknown command.
You hit the orc wizard.
You kill the orc wizard!
Ijyb zaps a wand.
Your mind is blasted!
You die...

# ##..
.....
###......
#@go.....
#)#o.....
#.# .....
#.# ##+#
#.###
#.#..
#.#.#
#.#.#
#.#.#


You could see Ijyb, an orc priest and an orc.

Vanquished Creatures
  An orc wizard (D:3)
  An adder (D:2)
  2 dart slugs (D:2)
  2 orcs (D:3)
  4 ball pythons (D:2)
  An endoplasm (D:2)
  14 giant cockroaches
  6 goblins
  6 hobgoblins
  4 jackals (D:2)
  A quokka (D:2)
  7 bats
  2 frilled lizards (D:2)
  2 kobolds
  4 rats
57 creatures vanquished.

Notes
Turn   | Place    | Note
-------+----------+-------------------------------------------
     0 | D:1      | CrazyBamboolord the Ogre Fighter began the quest for the
                  | Orb.
     0 | D:1      | Reached XP level 1. HP: 24/24 MP: 1/1
   131 | D:1      | Reached XP level 2. HP: 32/32 MP: 2/2
   868 | D:2      | Reached XP level 3. HP: 36/40 MP: 3/3
  1399 | D:2      | Reached XP level 4. HP: 48/49 MP: 4/4
  1474 | D:2      | Reached skill level 5 in Fighting
  1798 | D:3      | Noticed Ijyb
  1808 | D:3      | Blown up by Ijyb

Illustrated notes

Levels and vault maps discovered:
D:1:      dpeg_arrival_leaves_temple_mockup, layout_basic, serial_curves,
          eino_curves_04, eino_curves_01, eino_curves_01
D:2:      minmay_roachtagon, layout_loops_corners, minmay_misc_feat_roman,
          minmay_tromino_v4_b
D:3:      layout_basic, uniq_ijyb

Skill      XL: |  1  2  3  4 |
---------------+-------------+-----
Dodging        | 3 |  3.3
Fighting       | 5 |  5.0
Polearms       | 3 |  3.0
Shields        | |  3.2

Action                     |  1- 3 |  4- 6 || total
---------------------------+-------+-------++-------
  Melee: Trident           |   159 |    61 ||   220
    Use: Scroll            |       |     1 ||     1
 Armour: Robe              |    50 |    24 ||    74
  Dodge: Dodged            |    62 |    25 ||    87
  Block: Kite shield       |    78 |    26 ||   104
